 Dungeon Crawl Stone Soup version 0.23.2 (webtiles) character file.

Game seed: 3909675110609603517

13 redwoodhats the Caller (level 2, 0/19 HPs)
             Began as a Mummy Summoner on Apr 10, 2019.
             Slain by an adder (5 damage)
             ... on level 2 of the Dungeon on Apr 11, 2019.
             The game lasted 00:09:41 (1648 turns).

redwoodhats the Caller (Mummy Summoner)             Turns: 1648, Time: 00:09:42

Health: 0/19       AC:  3    Str: 11    XL:     2   Next: 24%
Magic:  1/6        EV: 12    Int: 14    God:
Gold:   96         SH:  0    Dex: 12    Spells: 6/7 levels left

rFire    x . .     SeeInvis .   (no weapon)
rCold    + . .     Gourm    .   (no shield)
rNeg     + + +     Faith    .   a - +1 robe
rPois    ∞         Spirit   .   (no helmet)
rElec    .         Reflect  .   (no cloak)
rCorr    .         Harm     .   (no gloves)
MR       .....                  (no boots)
Stlth    ++........             (no amulet)
HPRegen  0.06/turn              (no ring)
MPRegen  0.10/turn              (no ring)

@: no status effects
A: no food or potions, fire vulnerability, cold resistance 1, negative energy
resistance 3, torment resistance, unbreathing
a: no special abilities


You were on level 2 of the Dungeon.
You were not hungry.

You visited 1 branch of the dungeon, and saw 2 of its levels.

You collected 96 gold pieces.

Inventory:

Armour
 a - a +1 robe (worn)
Jewellery
 b - an uncursed ring of poison resistance {unknown}
Scrolls
 c - a scroll of enchant weapon


   Skills:
 + Level 1.7 Dodging
 + Level 1.6 Stealth
 + Level 3.2 Spellcasting
 + Level 3.4 Summonings


You had 6 spell levels left.
You knew the following spells:

 Your Spells              Type           Power        Failure   Level  Hunger
a - Summon Small Mammal   Summ           ##..         4%          1    N/A

Your spell library contained the following spells:

 Spells                   Type           Power        Failure   Level  Hunger
 Call Imp                 Summ           ##......     8%          2    N/A
 Call Canine Familiar     Summ           ##......     16%         3    N/A
 Summon Guardian Golem    Hex/Summ       #.......     30%         3    N/A
 Summon Ice Beast         Ice/Summ       #.......     71%         4    N/A
 Summon Lightning Spire   Summ/Air       #.......     71%         4    N/A

Dungeon Overview and Level Annotations

Branches:
Dungeon (2/15)

Altars:

Annotations:
D:2 Sigmund


Innate Abilities, Weirdness & Mutations

You do not eat or drink.
Your flesh is vulnerable to fire.
You are immune to poison.
Your flesh is cold resistant. (rC+)
You are immune to negative energy. (rN+++)
You are immune to unholy pain and torment.
You can survive without breathing.


Message History

Confirm with . or Enter, or press ? or * to list all spells.
The adder barely misses your bat. The adder closely misses your bat.
You swap places.
The adder barely misses your bat.
Your bat disappears in a puff of smoke!
Your rat misses the adder.
Casting: Summon Small Mammal (safe; 4% risk of failure)
Confirm with . or Enter, or press ? or * to list all spells.
The adder bites your rat.
Your rat dies!
Your rat's corpse disappears in a puff of smoke!
Your rat barely misses the adder.
The adder closely misses you.
Your rat bites the adder.
Sigmund closely misses your rat.
Casting: Summon Small Mammal (safe; 4% risk of failure)
Confirm with . or Enter, or press ? or * to list all spells.
The adder bites you.
* * * LOW HITPOINT WARNING * * *
Your rat closely misses the adder.
You swap places.
The adder bites you.
You die...

#.r.#r#....###.###.##
#####.#..............
#...#.##.###.#####.##
#.#.#.#..###.# ..#
#.#S#S##.....# .##
#.#.#.##.##### .
#.#...##.# #.#####..#
#.#r@.#..# #@#S#.#..#
#§#r#.#..#
#.#.#.#..##
#.@.#.#...#
#####.#......#
.#....### .#....#
#.....


You could see Sigmund, an adder and 2 friendly rats.

Vanquished Creatures
  A leopard gecko (D:1)
1 creature vanquished.

Vanquished Creatures (collateral kills)
  A dart slug (D:1)
  2 giant cockroaches (D:1)
  6 goblins (D:1)
  A hobgoblin (D:1)
  A kobold (D:1)
  2 bats (D:1)
  A frilled lizard (D:1)
  2 rats (D:1)
16 creatures vanquished.

Vanquished Creatures (others)
  12 toadstools (D:2)
12 creatures vanquished.

Grand Total: 29 creatures vanquished

Notes
Turn   | Place    | Note
-------+----------+-------------------------------------------
     0 | D:1      | redwoodhats the Mummy Summoner began the quest for the Orb.
     0 | D:1      | Reached XP level 1. HP: 13/13 MP: 4/4
   357 | D:1      | Reached XP level 2. HP: 19/19 MP: 1/6
  1566 | D:2      | Noticed Sigmund
  1648 | D:2      | Slain by an adder

Skill      XL: |  1 |
---------------+----+-----
Spellcasting   | 3 |  3.2
Dodging        | |  1.7
Stealth        | |  1.6
Summonings     | |  3.4

Action                   || total
-------------------------++-------
Melee: Unarmed           ||    16
 Cast: Summon Small Mamm ||    43
  Use: Scroll            ||     4
Armor: Robe              ||    17
Dodge: Dodged            ||    45
